 Dungeon Crawl Stone Soup version 0.21-a0-140-g479285b (webtiles) character file.

59914 theclanless the Covert (level 14, -10/72 HPs)
             Began as a Vine Stalker Fighter on July 18, 2017.
             Was the Champion of Zin.
             Mangled by a large slime creature (27 damage)
             ... on level 5 of the Lair of Beasts on July 19, 2017.
             The game lasted 01:19:18 (15420 turns).

theclanless the Covert (Vine Stalker Fighter)      Turns: 15420, Time: 01:19:19

Health: -10/72     AC: 16    Str: 26    XL:     14   Next: 97%
Magic:  0/29       EV: 15    Int: 11    God:    Zin [******]
Gold:   1015       SH: 15    Dex: 14    Spells: 26/34 levels left

rFire    . . .     SeeInvis .   a - +4 long sword (elec)
rCold    + . .     Gourm    .   c - +2 shield
rNeg     . . .     Faith    .   Y - +0 acid dragon scales
rPois    .         Spirit   +   g - +2 helmet {Int+3}
rElec    .         Reflect  .   t - +1 cloak
rCorr    +         Harm     +   L - +1 pair of gloves "Paiwk" {Str+2 Slay+2}
MR       +....                  (no boots)
Stlth    ++++......             M - amulet of harm
HPRegen  1.02/turn              p - +3 ring of slaying
MPRegen  0.21/turn              y - ring of protection from cold

@: no status effects
A: fangs 3, regeneration 2, magic shield, antimagic bite, no potion heal 3, rot
immunity
a: Recite, Vitalisation, Imprison, Sanctuary, Donate Gold, Cure All Mutations,
Renounce Religion


You were on level 5 of the Lair of Beasts.
You worshipped Zin.
Zin was exalted by your worship.
You were not hungry.

You visited 4 branches of the dungeon, and saw 21 of its levels.
You also visited: Ossuary and Volcano.

You collected 1277 gold pieces.
You spent 136 gold pieces at shops.
You donated 126 gold pieces to Zin.

Inventory:

Hand Weapons
 a - a +4 long sword of electrocution (weapon)
 b - a +2 fustibalus of flaming
 K - the +8 war axe "Picoun" {vamp, rElec}
   (You found it on level 6 of the Dungeon)

   It inflicts no extra harm, but heals its wielder when it wounds a living foe.
   It insulates you from electricity.
   Zin disapproves of the use of such an item.
Missiles
 d - 8 tomahawks of returning
 n - 94 sling bullets
 v - 8 javelins (quivered)
Armour
 c - a +2 shield (worn)
 g - a +2 helmet of intelligence (worn)
 t - a +1 cloak (worn)
 L - the +1 pair of gloves "Paiwk" (worn) {Str+2 Slay+2}
   (You acquired it on level 5 of the Lair of Beasts)

   It affects your strength (+2).
   It affects your accuracy and damage with ranged weapons and melee attacks
   (+2).
 Q - a +3 leather armour of fire resistance
 Y - +0 acid dragon scales (worn)
Jewellery
 p - a +3 ring of slaying (left hand)
 y - a ring of protection from cold (right hand)
 M - an amulet of harm (around neck)
Wands
 S - a wand of lightning (3/15)
 V - a wand of digging (6/24)
Scrolls
 f - 3 scrolls of recharging
 h - a scroll of fog
 r - a scroll of brand weapon
 w - 7 scrolls of remove curse
 C - 3 scrolls of fear
 H - 2 scrolls of amnesia
 I - a scroll of identify
 O - 2 scrolls of teleportation
 R - 2 scrolls of immolation
Potions
 e - 2 potions of haste
 j - a potion of ambrosia
 o - 8 potions of curing
 q - a potion of agility
 u - a potion of might
 x - a potion of brilliance
 z - 4 potions of mutation
 A - a potion of flight
 B - 7 potions of lignification
 D - a potion of resistance
 F - a potion of invisibility
 T - 3 potions of berserk rage
 U - a potion of magic
Miscellaneous
 k - a sack of spiders
 E - a phial of floods
Comestibles
 G - 10 meat rations


   Skills:
 + Level 7.9 Fighting
 * Level 10.8 Long Blades
 + Level 7.4 Armour
 + Level 7.6 Dodging
 + Level 11.5 Stealth
 * Level 10.8 Shields
 + Level 10.5 Spellcasting
 + Level 4.8 Invocations


You had 26 spell levels left.
You knew the following spells:

 Your Spells              Type           Power        Failure   Level  Hunger
a - Infusion              Chrm           #...         26%         1    None
b - Blink                 Tloc           N/A          36%         2    None
c - Regeneration          Chrm/Necr      #.........   58%         3    ##.....
s - Song of Slaying       Chrm           #.......     36%         2    None


Dungeon Overview and Level Annotations

Branches:
Dungeon (13/15)            Temple (1/1) D:4            Lair (6/6) D:9
 Shoals (0/4) Lair:3       Spider (0/4) Lair:2        Slime (1/5) Lair:5
    Orc (0/2) D:12
 Vaults: D:13-14

Altars:
Ashenzari
Cheibriados
Dithmenos
Elyvilon
Fedhas
Gozag
Hepliaklqana
Kikubaaqudgha
Makhleb
Nemelex Xobeh
Okawaru
Qazlal
Ru
Sif Muna
Trog
Uskayaw
Vehumet
Wu Jian
Xom
Yredelemnul
Zin
The Shining One

Shops:
D:6 }   D:9 !

Annotations:
D:6 exclusion: oklob plant


Innate Abilities, Weirdness & Mutations

You have razor-sharp teeth.
You heal very quickly.
When hurt, damage is shared between your health and your magic reserves.
Your bite disrupts and absorbs the magic of your enemies.
Potions cannot restore your health.
You are immune to rotting.


Message History

Two slime creatures merge to form a large slime creature.
Unknown command.
Two slime creatures merge to form a titanic slime creature.
The slime creature barely misses you.
You riposte.
You slice the slime creature!!
The slime creature is moderately wounded.
There is a staircase back to the Lair here.
Unknown command.
The slime creature misses you.
You block the large slime creature's attack.
The slime creature hits you.
* * * LOW HITPOINT WARNING * * *
You climb upwards.
Welcome back to the Lair of Beasts!
There is a staircase to the Slime Pits here.
You slash the large slime creature!
Lightning courses through the large slime creature!
The large slime creature is moderately wounded.
The slime creature hits you but does no damage.
The large slime creature hits you!!
You die...

.##+.##P...#............#
.##..##[.....P..#.#.#...#
##..##......##.....###.##
.......................#
............###....#...#
............###...###..##
............##....###...#
...[............JJ......#
.PP###..........@......P#
######..#......J.......##
##................###...#
##.....#.....#....# #...#
.#.....##....##...###...#
P......#P...............#
.......+..........#....##
.#.P....................#
##.P...##..............##


You could see a large slime creature and 2 slime creatures.

Vanquished Creatures
  An acid blob (Slime:1)
  3 dire elephants (Lair:6)
  8 hydras
  An anaconda (Lair:6)
  6 death yaks
  3 two-headed ogres
  An orc sorcerer (Volcano)
  2 ugly things
  4 oklob plants (Lair:6)
  A cyclops (D:12)
  3 black mambas
  2 manticores
  A smoke demon (Volcano)
  15 elephants
  9 spiny frogs
  3 rime drakes
  5 komodo dragons
  A red devil (Volcano)
  A queen bee (Lair:2)
  A jumping spider (Lair:2)
  3 polar bears
  3 trolls
  2 slime creatures
  Prince Ribbit (D:5)
  21 blink frogs
  15 dream sheep
  8 hippogriffs
  4 wyverns
  Sigmund (D:6)
  A spriggan (D:8)
  2 hungry ghosts
  A basilisk (Lair:2)
  35 yaks
  Grum (D:11)
  Eustachio (D:6)
  A steam dragon (Lair:2)
  An acid dragon (D:12)
  11 water moccasins
  3 wargs (D:9)
  The ghost of aTarkinC the Firebug, an amateur GrFE (D:4)
  2 hell hounds (Volcano)
  Duvessa (D:6)
  4 porcupines
  3 sky beasts
  3 ogres
  2 ice beasts
  3 orc warriors
  4 black bears
  A necrophage (D:10)
  12 wolves
  8 centaurs
  2 phantoms
  2 big kobolds
  18 crocodiles
  8 bullfrogs
  Dowan (D:6)
  3 scorpions
  9 wights
  26 killer bees (Lair:2)
  4 electric eels
  6 centaur zombies
  3 howler monkeys
  3 crimson imps
  A quasit (D:12)
  3 bullfrog zombies (Ossuary)
  7 jellies
  14 mummies (Ossuary)
  9 orc wizards
  6 orc priests
  2 bullfrog skeletons
  4 hounds
  Crazy Yiuf (D:5)
  3 iguanas
  5 worker ants
  A killer bee zombie (D:9)
  A hound zombie (D:9)
  6 hound skeletons
  4 worker ant zombies
  13 adders
  An ooze (D:1)
  An adder skeleton (D:5)
  3 adder zombies (Ossuary)
  2 worms
  A dart slug (D:2)
  5 leopard geckos
  35 orcs
  3 ball pythons
  6 giant cockroaches
  7 goblins
  8 hobgoblins
  8 jackals
  8 quokkas
  A ball python zombie (Ossuary)
  6 bats
  3 frilled lizards
  2 giant cockroach zombies
  2 goblin zombies (D:5)
  A jackal zombie (Ossuary)
  18 kobolds
  A leopard gecko skeleton (D:8)
  A leopard gecko zombie (Ossuary)
  2 quokka skeletons (D:9)
  A quokka zombie (Ossuary)
  6 rats
  2 plants (Lair:6)
529 creatures vanquished.

Vanquished Creatures (others)
  2 fungi
  6 plants
  A withered plant (Ossuary)
9 creatures vanquished.

Grand Total: 538 creatures vanquished

Notes
Turn   | Place    | Note
-------+----------+-------------------------------------------
     0 | D:1      | theclanless the Vine Stalker Fighter began the quest for the Orb.
     0 | D:1      | Reached XP level 1. HP: 11/11 MP: 2/2
   178 | D:1      | Reached skill level 1 in Stealth
   178 | D:1      | Reached XP level 2. HP: 13/16 MP: 3/3
   533 | D:1      | Reached XP level 3. HP: 14/19 MP: 4/4
   968 | D:2      | Reached skill level 1 in Dodging
  1084 | D:2      | Found a snail-covered altar of Cheibriados.
  1136 | D:2      | Gained mutation: Your natural rate of healing is unusually fast. [Vine Stalker growth]
  1136 | D:2      | Reached XP level 4. HP: 19/23 MP: 4/6
  1228 | D:2      | Reached skill level 1 in Spellcasting
  1958 | D:3      | Reached XP level 5. HP: 15/28 MP: 5/7
  2217 | D:3      | Noticed a phantom
  2235 | D:3      | Killed a phantom
  2235 | D:3      | Reached skill level 2 in Stealth
  2235 | D:3      | Reached XP level 6. HP: 24/32 MP: 6/9
  2293 | D:3      | Found an iron altar of Okawaru.
  2342 | D:3      | Found a shadowy altar of Dithmenos.
  2805 | D:4      | Found a staircase to the Ecumenical Temple.
  2824 | Temple   | Entered the Ecumenical Temple
  3167 | Temple   | Became a worshipper of Zin the Law-Giver
  3167 | Temple   | Reached * piety under Zin
  3194 | D:4      | Noticed aTarkinC's ghost (amateur GrFE)
  3203 | D:4      | Killed aTarkinC's ghost
  3203 | D:4      | Reached XP level 7. HP: 28/36 MP: 7/11
  3573 | D:5      | Entered Level 5 of the Dungeon
  3724 | D:5      | Found a sand-covered staircase.
  3741 | Ossuary  | Entered an ossuary
  3762 | Ossuary  | Reached skill level 3 in Stealth
  3824 | Ossuary  | Gained mutation: You have razor-sharp teeth. [Vine Stalker growth]
  3824 | Ossuary  | Reached XP level 8. HP: 42/42 MP: 13/13
  3838 | Ossuary  | Reached ** piety under Zin
  4145 | D:5      | Found a shattered altar of Ashenzari.
  4192 | D:5      | Found a glowing golden altar of the Shining One.
  4194 | D:5      | Noticed an angel
  4201 | D:5      | Found a white marble altar of Elyvilon.
  4211 | D:5      | Learned a level 2 spell: Blink
  4243 | D:5      | Reached skill level 4 in Stealth
  4259 | D:5      | Noticed Prince Ribbit
  4283 | D:5      | Killed Prince Ribbit
  4531 | D:5      | Found a basalt altar of Yredelemnul.
  4726 | D:5      | Found a runed door.
  4730 | D:5      | Noticed Crazy Yiuf
  4736 | D:5      | Killed Crazy Yiuf
  4830 | D:6      | Noticed Eustachio
  4831 | D:6      | Found a burning altar of Makhleb.
  4839 | D:6      | Killed Eustachio
  4839 | D:6      | Reached skill level 5 in Long Blades
  4839 | D:6      | Reached XP level 9. HP: 40/45 MP: 16/16
  4907 | D:6      | Found Jeoz Piyfy's Gadget Shoppe.
  4921 | D:6      | Reached *** piety under Zin
  4972 | D:6      | Found an ancient bone altar of Kikubaaqudgha.
  5023 | D:6      | Got a crystal war axe
  5026 | D:6      | Identified the +8 war axe "Picoun" {vamp, rElec} (You found it on level 6 of the Dungeon)
  5092 | D:6      | Found a hazy altar of Hepliaklqana.
  5095 | D:6      | Noticed Sigmund
  5101 | D:6      | Killed Sigmund
  5101 | D:6      | Reached skill level 5 in Spellcasting
  5122 | D:6      | Found an iron altar of Okawaru.
  5122 | D:6      | Noticed an oklob plant
  5161 | D:6      | Noticed Duvessa
  5162 | D:6      | Noticed Dowan
  5189 | D:6      | Killed Duvessa
  5189 | D:6      | Reached skill level 5 in Stealth
  5190 | D:6      | Reached skill level 5 in Shields
  5196 | D:6      | Killed Dowan
  5512 | D:7      | Reached **** piety under Zin
  5641 | D:7      | Got a brightly glowing leather armour
  5656 | D:7      | Learned a level 1 spell: Infusion
  5659 | D:7      | Learned a level 2 spell: Song of Slaying
  5663 | D:7      | Learned a level 3 spell: Regeneration
  5679 | D:7      | Found a hide-covered altar of Uskayaw.
  5706 | D:7      | Identified the +0 leather armour "Ysetel" {rPois rC+} (You found it on level 7 of the Dungeon)
  5835 | D:7      | Found a deep blue altar of Sif Muna.
  6199 | D:8      | Found a blossoming altar of Fedhas.
  6296 | D:8      | Reached ***** piety under Zin
  6595 | D:8      | Noticed a two-headed ogre
  6609 | D:8      | Killed a two-headed ogre
  6609 | D:8      | Reached XP level 10. HP: 24/51 MP: 19/19
  6727 | D:8      | Reached skill level 5 in Fighting
  6841 | D:9      | Reached skill level 6 in Stealth
  6877 | D:9      | Found Botupiuss's Distillery.
  6903 | D:9      | Bought a potion of magic for 136 gold pieces
  6923 | D:9      | Found a bloodstained altar of Trog.
  6959 | D:9      | Found a staircase to the Lair.
  7139 | D:9      | Noticed a two-headed ogre
  7146 | D:9      | Killed a two-headed ogre
  7253 | D:9      | Reached skill level 5 in Armour
  7311 | D:9      | Found a sacrificial altar of Ru.
  7468 | D:10     | Entered Level 10 of the Dungeon
  7617 | D:10     | Found a hide-covered altar of Uskayaw.
  7656 | D:10     | Reached skill level 7 in Stealth
  7657 | D:10     | Reached XP level 11. HP: 48/56 MP: 17/22
  7750 | D:10     | Reached skill level 5 in Dodging
  7813 | D:10     | You fall through a shaft for 3 floors!
  8075 | D:12     | Noticed a purple ugly thing
  8079 | D:12     | Noticed a cyclops
  8088 | D:12     | Killed a purple ugly thing
  8090 | D:12     | Killed a cyclops
  8185 | D:12     | Noticed a manticore
  8202 | D:12     | Killed a manticore
  8258 | D:12     | Found a staircase to the Orcish Mines.
  8328 | D:12     | Noticed a two-headed ogre
  8340 | D:12     | Killed a two-headed ogre
  8340 | D:12     | Reached skill level 8 in Stealth
  8469 | D:11     | Reached ****** piety under Zin
  8516 | D:11     | Noticed Grum
  8523 | D:11     | Killed Grum
  9253 | Lair:1   | Entered Level 1 of the Lair of Beasts
  9303 | Lair:1   | Gained mutation: You heal very quickly. [Vine Stalker growth]
  9303 | Lair:1   | Reached XP level 12. HP: 61/61 MP: 25/25
 10023 | Lair:2   | Reached skill level 9 in Stealth
 10030 | Lair:2   | Noticed a five-headed hydra
 10048 | Lair:2   | Killed an eight-headed hydra
 10094 | Lair:2   | Found a hole to the Spider Nest.
 10159 | Lair:2   | Noticed a four-headed hydra
 10168 | Lair:2   | Killed a five-headed hydra
 10502 | Lair:2   | Reached XP level 13. HP: 40/66 MP: 27/27
 10851 | Lair:3   | Identified a scroll of acquirement
 10858 | Lair:3   | Found a staircase to the Shoals.
 10866 | Lair:3   | Found a dark tunnel.
 10878 | Volcano  | Entered a volcano
 10906 | Volcano  | Reached skill level 1 in Invocations
 10960 | Volcano  | Paralysed by an orc sorcerer for 5 turns
 11286 | Lair:3   | Upgraded the game from 0.21-a0-137-g951aa02 to 0.21-a0-140-g479285b
 11306 | Lair:3   | Reached skill level 10 in Stealth
 12871 | Lair:5   | Reached skill level 10 in Long Blades
 13059 | Lair:5   | Reached XP level 14. HP: 71/72 MP: 26/28
 13085 | Lair:5   | Got a pair of pitted gloves
 13096 | Lair:5   | Identified the +1 pair of gloves "Paiwk" {Str+2 Slay+2} (You acquired it on level 5 of the Lair of Beasts)
 13241 | Lair:5   | Found a staircase to the Slime Pits.
 13680 | Lair:6   | Entered Level 6 of the Lair of Beasts
 13725 | Lair:6   | Reached skill level 10 in Shields
 13756 | Lair:6   | Reached skill level 10 in Spellcasting
 14094 | Lair:6   | Reached skill level 11 in Stealth
 15059 | Lair:6   | Noticed a dire elephant
 15059 | Lair:6   | Noticed a dire elephant
 15065 | Lair:6   | Killed a dire elephant
 15068 | Lair:6   | Killed a dire elephant
 15111 | Lair:6   | Noticed a dire elephant
 15120 | Lair:6   | Killed a dire elephant
 15388 | Slime:1  | Entered Level 1 of the Pits of Slime
 15388 | Slime:1  | Noticed an acid blob
 15398 | Slime:1  | Killed an acid blob
 15420 | Lair:5   | Mangled by a large slime creature

Vault maps used:
D:1:      wheals_arrival_linesprint, lemuel_another_geyser
D:2:      cheibriados_altar_1
D:3:      lemuel_round_altar, first_bread, okawaru_trees_1
D:4:      minmay_temple_entry_crystal_x
D:5:      grunt_temple_overflow_holy_war, evilmike_ruin_ashenzari,
          lemuel_crystal_altar, enter_ossuary_4, minmay_misc_feat_pillars,
          uniq_crazy_yiuf_cottage, uniq_prince_ribbit1
D:6:      bloody_makhleb, kiku_gazebo_pond_becter, kennysheep_little_box,
          serial_shops, shop, minivault_19, lemuel_oklob_altar, uniq_duvessa,
          uniq_eustachio, uniq_sigmund
D:7:      kennysheep_mini, basic_altar
D:8:      overflow_temple_1_default, the_bakery
D:9:      nicolae_ru_great_annihilating_truth, kennysheep_mini_moat,
          erik_lair_orcish_takeover, serial_shops, shop
D:10:     kennysheep_flooded_box
D:11:     statue_in_the_mist_lemuel, xom_shifter_show, uniq_grum
D:12:     orc_0_dummy
D:13:     david_vaults_5, serial_shops, shop_statue, basic_altar
Temple:   compressed_dpeg_triangle_lava_temple
Lair:1:   gammafunk_lair_bear_cave
Lair:2:   regret_index_combs_of_tragedy, spider_nest_entry_a
Lair:3:   minmay_shoals_entry_centaurs, enter_volcano_1
Lair:4:   serial_bayou_crossing, grunt_megastairs_2
Lair:5:   minmay_slime_entry_pillars, grunt_megastairs_4
Lair:6:   due_jungle_book, lemuel_fruit_tree, minmay_lair_oklob_chamber,
          lemuel_fruit_fields, infiniplex_staircase_pool_2, serial_bayou_shore_b
Ossuary:  ossuary_zaba_flooded
Volcano:  volcano_pools

Skill      XL: |  1  2  3  4  5  6  7  8  9 10 11 12 13 14 |
---------------+-------------------------------------------+-----
Stealth        | 1 2 3 4 5 7 8 9 10 11 | 11.5
Long Blades    | 2 3 5 6 8 9 10 | 10.8
Dodging        | 1 2 3 4 5 6 7 |  7.6
Spellcasting   | 1 2 3 4 5 6 8 9 10 | 10.5
Fighting       | 3 4 5 6 7 |  7.9
Shields        | 3 4 5 6 7 8 9 10 | 10.8
Armour         | 3 4 5 6 7 |  7.4
Invocations    | 3 4 |  4.8

Action                   |  1- 3 |  4- 6 |  7- 9 | 10-12 | 13-15 || total
-------------------------+-------+-------+-------+-------+-------++-------
Melee: Long sword        |   126 |   143 |   289 |   547 |   460 ||  1565
       Bite              |    37 |    42 |   132 |   219 |   213 ||   643
       Dagger            |       |       |       |     5 |       ||     5
 Fire: Hunting sling     |     2 |     1 |       |    10 |       ||    13
Throw: Tomahawk          |       |     6 |    11 |       |       ||    17
       Javelin           |       |       |     7 |     8 |    11 ||    26
 Cast: Infusion          |       |       |       |     1 |       ||     1
Invok: Recite            |       |       |     2 |       |       ||     2
       Vitalisation      |       |       |     1 |       |       ||     1
Evoke: Wand              |       |       |     6 |     2 |     5 ||    13
  Use: Scroll            |     2 |     3 |    15 |    10 |    13 ||    43
       Potion            |     2 |     1 |     5 |     1 |     1 ||    10
 Stab: Sleeping          |       |       |     4 |    12 |    15 ||    31
       Paralysed         |       |       |       |     1 |       ||     1
  Eat: Chunk             |     1 |     6 |     3 |    16 |    12 ||    38
       Fruit             |       |       |     3 |     1 |       ||     4
       Royal jelly       |       |       |     1 |       |       ||     1
       Bread ration      |       |       |     2 |       |     1 ||     3
Armor: Scale mail        |    58 |    20 |       |       |       ||    78
       Ring mail         |       |    22 |    65 |       |       ||    87
       Leather armour    |       |       |    17 |    65 |       ||    82
       Acid dragon scale |       |       |       |    63 |   119 ||   182
Dodge: Dodged            |    41 |    40 |    92 |   216 |   191 ||   580
Block: Shield            |    68 |    64 |   123 |   352 |   302 ||   909
       Rpst.: Long sword |    12 |    11 |    26 |    62 |    27 ||   138
